 Dungeon Crawl Stone Soup version 0.26.1-10-gdfb7c7de75 (webtiles) character file.

Game seed: 1985958359259258046

35 nosaJ the Digger (level 3, -6/20 HPs)
             Began as a Gargoyle Earth Elementalist on Mar 31, 2021.
             Was a Follower of Zin.
             Killed from afar by Sigmund (9 damage)
             ... with a puff of flame
             ... on level 2 of the Dungeon.
             The game lasted 00:32:30 (1714 turns).

nosaJ the Digger (Gargoyle Earth Elementalist)      Turns: 1714, Time: 00:32:31

Health: -6/20      AC:  8    Str:  9 (11) XL:     3   Next: 35%
Magic:  6/6        EV: 12    Int: 13 (16) God:    Zin [*.....]
Gold:   76         SH:  0    Dex:  9 (10) Spells: 4/7 levels left

rFire    . . .     SeeInvis .   g - +0 mace (venom)
rCold    . . .     Faith    .   (no shield)
rNeg     + . .     Spirit   .   e - +0 robe
rPois    ∞         Reflect  .   (no helmet)
rElec    +         Harm     .   (no cloak)
rCorr    .         Rampage  .   u - +2 pair of gloves
Will     .....                  (no boots)
Stlth    +.........             (no amulet)
HPRegen  0.06/turn              (no ring)
MPRegen  0.10/turn              (no ring)

@: confused
A: negative energy resistance 1, electricity resistance, unbreathing,
petrification resistance, miasma immunity, AC +3
a: Renounce Religion, Recite, Donate Gold


You were on level 2 of the Dungeon.
You worshipped Zin.
Zin was aware of your devotion.
You visited 1 branch of the dungeon, and saw 2 of its levels.

You collected 84 gold pieces.
You donated 8 gold pieces to Zin.

Inventory:

Hand Weapons
 a - a +0 short sword
 f - a +0 club
 g - a +0 mace of venom (weapon)
 h - a cursed +0 club
 i - a +0 dagger
 j - a +1 dagger of speed
 k - a +0 club
 l - a +0 dagger
 n - a +0 club
 o - a +0 dagger
 p - a +0 club
Missiles
 b - 47 stones
 t - 15 arrows
Armour
 c - a +0 robe
 e - a +0 robe (worn)
 s - a +0 leather armour
 u - a +2 pair of gloves (worn)
Jewellery
 m - an uncursed ring of attention
Scrolls
 q - a scroll of remove curse
 r - a scroll of enchant armour {unknown}
Potions
 d - a potion of brilliance


   Skills:
 + Level 0.3 Fighting
 + Level 0.4 Maces & Flails
 + Level 1.9 Dodging
 + Level 2.3 Stealth
 + Level 2.5 Spellcasting
 + Level 0.7 Transmutations
 + Level 4.2 Earth Magic


You had 4 spell levels left.
You knew the following spells:

 Your Spells              Type           Power        Failure   Level
a - Sandblast             Erth           24%          4%          1
b - Passwall              Tmut/Erth      6%           13%         2

Your spell library contained the following spells:

 Spells                   Type           Power        Failure   Level
 Stone Arrow              Conj/Erth      14%          30%         3
 Petrify                  Tmut/Erth      8%           65%         4
 Lee's Rapid Deconstruct  Erth           6%           75%         5


Dungeon Overview and Level Annotations

Branches:
Dungeon (2/15)

Altars:
Ru
Zin

Annotations:
D:2 Sigmund


Innate Abilities, Weirdness & Mutations

You are resistant to torment.
Your stone body is resilient. (AC +3)
You are immune to poison.
You resist negative energy. (rN+)
You are resistant to electric shocks. (rElec)
You can survive without breathing.
You are immune to petrification.
You are immune to miasma.


Message History

Ouch! That really hurt!
* * * LOW HITPOINT WARNING * * *
You feel less confused.
You open the door.
There is an open door here.
You start putting on your armour.
You continue putting on your pair of runed gloves.
Something completely misses you.
You continue putting on your pair of runed gloves. x2
You hear some strange, mumbled words.
You are confused.
You continue putting on your pair of runed gloves.
Something hits you.
* * * LOW HITPOINT WARNING * * *
You finish putting on your +2 pair of gloves.
You bump into the rock wall.
You hear some strange, mumbled words.
A puff of flame appears from out of thin air!
The puff of flame hits you!
You die...

,* **##............##.#
,* *,.....#####.......#
,####,.#...........≈...#
,,..[######.....≈≈≈≈≈≈.#
***#@..#..#.....≈..≈...#
#$..#..#..#..≈..≈...#
#......'..#_.{......#
#.....#########{....#
#......'..#..@......#
#...#..#..#..#..#...#
#...#..#.....#..#...#
#.######.....####*#.#
#.,,*,........,,*,,.#
#,,,,,..#####.,,,,,,#
******#** *,,,,,,,*
*********


There were no monsters in sight!

Vanquished Creatures
  A worm (D:2)
  A leopard gecko (D:2)
  2 giant cockroaches (D:1)
  5 goblins
  6 hobgoblins
  2 jackals (D:1)
  5 bats
  A frilled lizard (D:1)
  3 kobolds
  2 rats (D:2)
28 creatures vanquished.

Notes
Turn   | Place    | Note
-------+----------+-------------------------------------------
     0 | D:1      | nosaJ the Gargoyle Earth Elementalist began the quest for
                  | the Orb.
     0 | D:1      | Reached XP level 1. HP: 10/10 MP: 3/3
   213 | D:1      | Reached skill level 4 in Earth Magic
   213 | D:1      | Reached XP level 2. HP: 8/15 MP: 1/5
   548 | D:1      | Reached XP level 3. HP: 9/19 MP: 3/6
  1321 | D:2      | Found a glowing silver altar of Zin.
  1321 | D:2      | Noticed an angel
  1328 | D:2      | Became a worshipper of Zin the Law-Giver
  1341 | D:2      | Learned a level 2 spell: Passwall
  1348 | D:2      | angel
  1404 | D:2      | Reached * piety under Zin
  1667 | D:2      | Found a sacrificial altar of Ru.
  1680 | D:2      | Noticed Sigmund
  1714 | D:2      | Killed from afar by Sigmund

Illustrated notes

######## #......#
#####.####'###
#.....##8.@.8#
#######.....##.....#
....>##.....####...#
#######.....##.#.._#
#######.....########
............##
.............#
.............#
.............#


Turn 1348 on D:2: angel

Levels and vault maps discovered:
D:1:      minmay_arrival_split_and_join, layout_basic, minmay_misc_feat_doors,
          minmay_hedge_maze
D:2:      layout_basic, lemuel_doored_altar, hangedman_ru_absence,
          gammafunk_temple_overflow_wave, zin_angel, minmay_between,
          uniq_terence, uniq_sigmund

Skill      XL: |  1 |
---------------+----+-----
Earth Magic    | 4 |  4.2
Fighting       | |  0.3
Maces & Flails | |  0.4
Dodging        | |  1.9
Stealth        | |  2.3
Spellcasting   | |  2.5
Transmutations | |  0.7

Action                   || total
-------------------------++-------
Melee: Mace              ||    55
       Unarmed           ||     2
 Cast: Sandblast         ||    22
       Passwall          ||     2
  Use: Scroll            ||     5
       Potion            ||     5
 Stab: Sleeping          ||     1
Armor: Robe              ||    32
Dodge: Dodged            ||    60
